 Dungeon Crawl Stone Soup version 0.31-a0-152-g6aa68a64a1 (webtiles) character file.

Game seed: 15237354296353352802

105 qw the Shooter (level 4, -11/42 HPs)
             Began as a Naga Hunter on June 10, 2023.
             Mangled by a gnoll sergeant
             ... wielding a +2 spear of freezing
              (16 damage)
             ... on level 3 of the Dungeon.
             The game lasted 00:00:43 (2114 turns).

qw the Shooter (Naga Hunter)                        Turns: 2114, Time: 00:00:43

Health: -11/42     AC:  2    Str: 18    XL:     4   Next: 81%
Magic:  4/4        EV:  9    Int:  8    God:
Gold:   795        SH:  0    Dex: 15    Spells: 3/3 levels left

rFire   . . .        Y - +0 shortbow
rCold   . . .        (shield currently unavailable)
rNeg    . . .        c - +0 leather armour
rPois   +            (no helmet)
rElec   .            (no cloak)
rCorr   .            (no gloves)
SInv    +            (no barding)
Will    .....        (no amulet)
Stlth   ++           (no ring)
HPRegen 0.27/turn    (no ring)
MPRegen 0.09/turn

%: no passive effects
@: about to teleport, very slow
A: AC +1, large, see invisible, deformed body, poison resistance, slowness 2,
spit poison 1, naga tail 1, strong 1
a: Spit Poison


You were on level 3 of the Dungeon.
You visited 1 branch of the dungeon, and saw 3 of its levels.

You collected 795 gold pieces.


Innate Abilities, Weirdness & Mutations

Your serpentine skin is tough. (AC +1)
You have supernaturally acute eyesight. (SInv)
Armour fits poorly on your strangely shaped body.
Your system is resistant to poisons. (rPois)
You cover ground very slowly.
You can spit poison.
You have a snake-like lower body.
Your muscles are strong. (Str +4, Int/Dex -1)


   Skills:
 - Level 3.0 Fighting
 + Level 5.0 Ranged Weapons
 - Level 1.5 Dodging
 - Level 1.5 Stealth


You had 3 spell levels left.
You didn't know any spells.
Your spell library was empty.

Inventory:

Hand Weapons
 Y - a +0 shortbow (weapon)
Armour
 b - a +0 pair of gloves
 c - a +0 leather armour (worn)
Jewellery
 f - a ring of flight
Scrolls
 d - a scroll of fear {unknown}
 e - a scroll of identify
Potions
 g - a potion of curing

Dungeon Overview and Level Annotations

Branches:
Dungeon (3/15)

Altars:
Dithmenos
Zin


Message History

The gnoll is almost dead.
The gnoll closely misses you.
You shoot an arrow. The arrow barely misses the gnoll.
The arrow hits the gnoll sergeant.
The gnoll sergeant is lightly wounded.
The gnoll hits you with a +0 flail.
You shoot an arrow. The arrow closely misses the gnoll.
You have got your breath back.
You kill the gnoll!
The gnoll sergeant barely misses you.
Your Fighting skill increases to level 3!
2109 ||| INVOKING Spit Poison.
Aiming: Spit Poison (1% risk of failure)
Press: ? - help, Shift-Dir - straight line, f - gnoll sergeant The splash of poison hits the gnoll sergeant but does no damage.
The gnoll sergeant is poisoned.
The gnoll sergeant is lightly wounded.
The gnoll sergeant barely misses you.
You shoot an arrow. The arrow hits the gnoll.
The gnoll is lightly wounded.
The gnoll sergeant hits you from afar with a +2 spear of freezing.
The gnoll sergeant freezes you.
You shoot an arrow. The arrow hits the gnoll.
The gnoll is heavily wounded.
The gnoll sergeant closely misses you. The gnoll closely misses you. x2
You shoot an arrow. The arrow hits the gnoll.
The gnoll is almost dead.
The gnoll sergeant hits you from afar with a +2 spear of freezing!
The gnoll sergeant freezes you. The gnoll barely misses you.
The gnoll hits you with a +0 club.
You shoot an arrow. The arrow closely misses the gnoll.
The gnoll sergeant barely misses you.
The gnoll hits you from afar with a +0 halberd.
The gnoll hits you with a +0 club!
2114 ||| READING scroll of teleportation.
As you read the scroll of teleportation, it crumbles to dust.
You feel strangely unstable.
You have got your breath back.
The gnoll sergeant hits you from afar with a +2 spear of freezing!
You die...

###.......# #..#......##.##.#
##.#########..#.#..####.##.#####
#...# #................##......
#...# #.###.......############.
#...# #.# #....##.# #. #...# #.#
#....##.# #. ##...####.#
#....##.# ##. ..........#
#...g.g.#... #.. .>........#
#...@.g).... ###.# ..........#
#.#######... #.... ##...######
#.# #...# #...# #.# #...# ##...#
#.# #.... ##...# #.##########
#..## ##...##
#..........######..## #.....#
##########......#.... ......#
##### #.#.........


You could see a gnoll sergeant (poisoned) and 2 gnolls.

Vanquished Creatures
  2 gnolls (D:3)
  2 adders (D:3)
  4 worms
  An orc (D:3)
  3 bats
  3 endoplasms (D:2)
  4 giant cockroaches
  7 goblins
  2 hobgoblins (D:1)
  4 jackals (D:1)
  7 kobolds
  5 quokkas
  4 ball pythons
  3 frilled lizards
  3 rats
54 creatures vanquished.

Notes
Turn   | Place    | Note
-------+----------+-------------------------------------------
     0 | D:1      | qw the Naga Hunter began the quest for the Orb.
     0 | D:1      | Reached XP level 1. HP: 19/19 MP: 1/1
     0 | D:1      | 0 ||| qw: Version: 0.2-a-123-gb51047a
     0 | D:1      | 0 ||| qw: Game counter: 3710
     0 | D:1      | 0 ||| qw: Always use a shield: true
     0 | D:1      | 0 ||| qw: God list: Okawaru
     0 | D:1      | 0 ||| qw: Allow faded altars: false
     0 | D:1      | 0 ||| qw: Do Orc after D:15 true
     0 | D:1      | 0 ||| qw: Do second Lair branch before Depths: true
     0 | D:1      | 0 ||| qw: Lair rune preference: random
     0 | D:1      | 0 ||| qw: Plans: Normal
     0 | D:1      | 0 ||| PLANNING D:1-11
    53 | D:1      | 53 ||| INVOKING Spit Poison.
    64 | D:1      | 64 ||| INVOKING Spit Poison.
   197 | D:1      | 197 ||| INVOKING Spit Poison.
   214 | D:1      | 214 ||| INVOKING Spit Poison.
   215 | D:1      | Reached skill level 4 in Ranged Weapons
   215 | D:1      | Reached XP level 2. HP: 26/26 MP: 2/2
   225 | D:1      | 225 ||| INVOKING Spit Poison.
   228 | D:1      | 228 ||| INVOKING Spit Poison.
   289 | D:1      | Found a faded altar of an unknown god.
   336 | D:1      | 336 ||| INVOKING Spit Poison.
   370 | D:1      | 370 ||| INVOKING Spit Poison.
   376 | D:1      | 376 ||| INVOKING Spit Poison.
   579 | D:1      | 579 ||| READING 2 scrolls labelled JAEFUO WEULI.
   584 | D:1      | 584 ||| READING scroll labelled RIYSOO GEABB.
   585 | D:1      | 585 ||| READING scroll labelled LOIS MEZYRYEH.
   586 | D:1      | 586 ||| DROPPING scroll of butterflies.
   617 | D:2      | 617 ||| INVOKING Spit Poison.
   638 | D:2      | 638 ||| INVOKING Spit Poison.
   671 | D:2      | 671 ||| INVOKING Spit Poison.
   681 | D:2      | 681 ||| INVOKING Spit Poison.
   682 | D:2      | Reached XP level 3. HP: 32/32 MP: 3/3
   775 | D:2      | 775 ||| INVOKING Spit Poison.
   778 | D:2      | 778 ||| INVOKING Spit Poison.
   782 | D:2      | 782 ||| INVOKING Spit Poison.
   846 | D:2      | 846 ||| INVOKING Spit Poison.
   849 | D:2      | 849 ||| INVOKING Spit Poison.
   889 | D:2      | 889 ||| INVOKING Spit Poison.
   950 | D:2      | 950 ||| INVOKING Spit Poison.
   963 | D:2      | 963 ||| INVOKING Spit Poison.
  1001 | D:2      | 1001 ||| INVOKING Spit Poison.
  1085 | D:2      | 1085 ||| INVOKING Spit Poison.
  1091 | D:2      | 1091 ||| INVOKING Spit Poison.
  1094 | D:2      | 1094 ||| INVOKING Spit Poison.
  1224 | D:2      | 1224 ||| INVOKING Spit Poison.
  1535 | D:2      | 1535 ||| READING scroll labelled PUHAP ELOGOC.
  1535 | D:2      | Identified a scroll of acquirement
  1535 | D:2      | 1535 ||| ACQUIRING 614 gold pieces
  1535 | D:2      | Acquired 614 gold pieces
  1537 | D:2      | 1537 ||| READING scroll labelled ALUICS OFIGITS.
  1538 | D:2      | 1538 ||| READING scroll labelled OLULLU MYSCH.
  1539 | D:2      | 1539 ||| READING scroll labelled SOMYTA ZUSAHE.
  1540 | D:2      | 1540 ||| DRINKING 2 smoky red potions.
  1540 | D:2      | Gained mutation: You sometimes lose your temper in combat.
                  | [potion of mutation]
  1541 | D:2      | 1541 ||| DRINKING potion of mutation.
  1541 | D:2      | Lost mutation: You sometimes lose your temper in combat.
                  | [potion of mutation]
  1541 | D:2      | Gained mutation: Your muscles are strong. (Str +4, Int/Dex
                  | -1) [potion of mutation]
  1542 | D:2      | 1542 ||| DRINKING 2 yellow potions.
  1563 | D:3      | 1563 ||| INVOKING Spit Poison.
  1565 | D:3      | Reached skill level 5 in Ranged Weapons
  1565 | D:3      | Reached XP level 4. HP: 39/39 MP: 4/4
  1603 | D:3      | 1603 ||| INVOKING Spit Poison.
  1626 | D:3      | 1626 ||| INVOKING Spit Poison.
  1661 | D:3      | Found a shadowy altar of Dithmenos.
  1663 | D:3      | 1663 ||| INVOKING Spit Poison.
  1672 | D:3      | 1672 ||| INVOKING Spit Poison.
  1698 | D:3      | Found a glowing silver altar of Zin.
  1716 | D:3      | 1716 ||| INVOKING Spit Poison.
  1719 | D:3      | 1719 ||| INVOKING Spit Poison.
  1725 | D:3      | 1725 ||| INVOKING Spit Poison.
  1930 | D:3      | 1930 ||| INVOKING Spit Poison.
  1995 | D:3      | 1995 ||| INVOKING Spit Poison.
  1999 | D:3      | 1999 ||| INVOKING Spit Poison.
  2047 | D:3      | 2047 ||| INVOKING Spit Poison.
  2052 | D:3      | 2052 ||| INVOKING Spit Poison.
  2099 | D:3      | Noticed a gnoll sergeant
  2100 | D:3      | 2100 ||| INVOKING Spit Poison.
  2106 | D:3      | 2106 ||| INVOKING Spit Poison.
  2109 | D:3      | Reached skill level 3 in Fighting
  2109 | D:3      | 2109 ||| INVOKING Spit Poison.
  2113 | D:3      | HP: 5/42 [gnoll/+0 club[a gnoll sergeant] (8)]
  2114 | D:3      | 2114 ||| READING scroll of teleportation.
  2114 | D:3      | Mangled by a gnoll sergeant

Levels and vault maps discovered:
D:1:      ncdulo_smallfort, layout_loops_cross,
          hellmonk_ecumenical_altar_heavens_door, dreamdust_princess_corridor
D:2:      minmay_recursive_quarters, layout_basic, minmay_tromino_mix6
D:3:      layout_loops_cross, mainiacjoe_overflow_six_doors_small,
          zin_scriptorium

Skill      XL: |  1  2  3  4 |
---------------+-------------+-----
Ranged Weapons | 4 5 |  5.0
Fighting       | 3 |  3.0
Dodging        | |  1.5
Stealth        | |  1.5

Action                     |  1- 3 |  4- 6 || total
---------------------------+-------+-------++-------
   Fire: Shortbow          |    67 |    37 ||   104
Ability: Spit Poison       |    27 |    15 ||    42
    Use: Scroll            |     7 |     1 ||     8
         Potion            |     3 |       ||     3
 Armour: Leather armour    |     1 |     4 ||     5
  Dodge: Dodged            |     6 |    16 ||    22

Table legend:
 A = Non-vault XP
 B = Vault XP
 C = Vault XP percentage of total XP
 D = Non-vault monster count
 E = Vault monster count
 F = Vault count percentage of total count
                 A         B        C        D         E       F
            +---------+---------+-------+---------+---------+-------
      Total |     132 |      18 |  12.0 |      45 |       9 |  16.7
            +---------+---------+-------+---------+---------+-------
        D:1 |      26 |       0 |   0.0 |      13 |       0 |   0.0
        D:2 |      30 |      18 |  37.5 |      15 |       9 |  37.5
        D:3 |      76 |       0 |   0.0 |      17 |       0 |   0.0
            +---------+---------+-------+---------+---------+-------
